 Dungeon Sprint DCSS version 0.18-a0-1774-gce1f7b6 (webtiles) character file.

17271 Radrad the Fencer (level 12, -4/105 HPs)
             Began as a Demonspawn Berserker on Apr 16, 2016.
             Was the Champion of Trog.
             Slain by an entropy weaver (6 damage)
             ... in the Dungeon (Sprint IX: "|||||||||||||||||||||||||||||").
             The game lasted 00:06:43 (3306 turns).

Radrad the Fencer (Demonspawn Berserker)            Turns: 3306, Time: 00:06:43

Health: -4/105     AC:  3    Str: 24    XL:     12   Next: 17%
Magic:  20/20      EV: 26    Int:  8    God:    Trog [******]
Gold:   642        SH:  0    Dex: 22    Spells: 0 memorised, 11 levels left

rFire  . . .     SeeInvis .     A - +5 long sword of Trog's Scorn {venom, rElec MR+}
rCold  + + .     Gourm    .     H - +1 ice dragon armour
rNeg   . . .     Faith    .     (no shield)
rPois  +         Spirit   .     (no helmet)
rElec  +         Dismiss  .     n - +0 cloak
rCorr  .         Reflect  .     (no gloves)
SustAt .         Harm     .     D - +0 pair of boots
MR     +....     NoTele   +     (no amulet)
Stlth  +.........               r - +2 ring of protection
                                G - ring of poison resistance

@: mighty, agile, exhausted, corroded, slowed, very slow, somewhat resistant to
hostile enchantments, very unstealthy
A: hooves 2, repulsion field 2, fire resistance 1, powered by pain 2
a: Berserk, Trog's Hand, Brothers in Arms, Burn Spellbooks, Renounce Religion


You were in the Dungeon.
You worshipped Trog.
Trog was exalted by your worship.
You were hungry.

You visited 1 branch You collected 1900 gold pieces.
You spent 1258 gold pieces at shops.

Inventory:

Hand Weapons
 m - a +2 scimitar of flaming
 A - the +5 long sword of Trog's Scorn (weapon) {venom, rElec MR+}
   (Trog gifted it to you in the Dungeon)

   It poisons the flesh of those it strikes.
   It insulates you from electricity.
   It affects your resistance to hostile enchantments.
Missiles
 b - 4 silver javelins (quivered)
Armour
 n - a +0 cloak (worn)
 D - a +0 pair of boots (worn)
 H - a +1 ice dragon armour (worn)
Jewellery
 r - a +2 ring of protection (right hand)
 G - a ring of poison resistance (left hand)
Wands
 l - a wand of acid (7/15)
Scrolls
 i - 4 scrolls of blinking
 k - 4 scrolls of remove curse
 o - 2 scrolls of enchant weapon
 v - 3 scrolls of recharging
 w - 3 scrolls of identify
Potions
 a - 5 potions of might
 d - 11 potions of curing
 e - 8 potions of heal wounds
 f - 2 potions of haste
 g - 4 potions of magic
 h - 2 potions of berserk rage
 j - 3 potions of invisibility
 s - 3 potions of brilliance
 t - 3 potions of cure mutation
 x - a potion of mutation
 z - 4 potions of agility
Miscellaneous
 u - a plain deck of wonders
Comestibles
 c - 11 bread rations
 B - 40 fruits
 C - 11 meat rations


   Skills:
 + Level 13.5 Fighting
 * Level 19.0 Long Blades
 + Level 10.0 Armour
 + Level 8.9 Dodging
 * Level 11.8 Evocations


You had 11 spell levels left.
You didn't know any spells.

Dungeon Overview and Level Annotations

Branches:
Dungeon (1/1)

Altars:
Cheibriados
Dithmenos
Elyvilon
Fedhas
Gozag
Kikubaaqudgha
Makhleb
Nemelex Xobeh
Okawaru
Pakellas
Qazlal
Ru
Sif Muna
Trog
Vehumet
Xom
Yredelemnul
Zin
The Shining One
Beogh
Jiyva
Lugonu

Shops:
D !!:}


Innate Abilities, Weirdness & Mutations

You have hoof-like feet.
You are surrounded by a moderate repulsion field (EV +3).
Your flesh is heat resistant.
You sometimes gain power by taking damage.


Message History

You slash the stone giant!
You kill the stone giant!
Trog accepts your kill.
Your Long Blades skill increases to level 19!
Your Armour skill increases to level 10!
You slash the entropy weaver!
The entropy weaver is poisoned.
The entropy weaver is lightly wounded.
The entropy weaver hits you!
* * * LOW HITPOINT WARNING * * *
The entropy weaver hits you.
* * * LOW HITPOINT WARNING * * *
The entropy weaver hits you!
* * * LOW HITPOINT WARNING * * *
The entropy weaver barely misses you.
You barely miss the entropy weaver.
The entropy weaver is lightly wounded.
The entropy weaver hits you!
* * * LOW HITPOINT WARNING * * *
The entropy weaver hits you.
You die...

...÷.....'††.......((.'...[[[..'.
▓▓▓▓▓▓▓▓▓▓▓▓▓▓▓▓▓▓▓▓▓▓▓▓▓▓▓▓▓▓▓▓▓
.................................
▓▓▓▓▓▓▓▓▓▓▓▓▓▓▓▓▓▓▓▓▓▓▓▓▓▓▓▓▓▓▓▓▓
)))..)..)))...∩.∩.∩)∩.....'......
▓▓▓▓▓▓▓▓▓▓▓▓▓▓▓▓▓▓▓▓▓▓▓▓▓▓▓▓▓▓▓▓▓
................................)
▓▓▓▓▓▓▓▓▓▓▓▓▓▓▓▓▓▓▓▓▓▓▓▓▓▓▓▓▓▓▓▓▓
.........))÷÷÷)†@p......
▓▓▓▓▓▓▓▓▓▓▓▓▓▓▓▓▓▓▓▓▓▓▓▓


You could see an entropy weaver.

Vanquished Creatures
  A stone giant (D)
  A spark wasp (D)
  A fire dragon (D)
  A yaktaur captain (D)
  Erica (D)
  A catoblepas (D)
  2 hydras (D)
  A tengu warrior (D)
  2 hill giants (D)
  2 orc knights (D)
  6 orc sorcerers (D)
  An elephant (D)
  A black mamba (D)
  A spiny frog (D)
  2 komodo dragons (D)
  A slime creature (D)
  A shadow (D)
  A yak (D)
  2 hippogriffs (D)
  A basilisk (D)
  2 soldier ants (D)
  A water moccasin (D)
  2 sky beasts (D)
  5 orc warriors (D)
  A wolf (D)
  2 ogres (D)
  A centaur (D)
  2 crocodiles (D)
  2 giant frogs (D)
  A howler monkey (D)
  3 orc priests (D)
  3 iguanas (D)
  9 orc wizards (D)
  A river rat (D)
  An adder (D)
  A dart slug (D)
  9 orcs (D)
  2 giant cockroaches (D)
  A giant newt (D)
  A goblin (D)
  A quokka zombie (D)
81 creatures vanquished.

Vanquished Creatures (collateral kills)
  4 death yaks (D)
  An orc sorcerer (D)
  A troll (D)
  3 yaks (D)
  A hippogriff (D)
  5 orc warriors (D)
  An ice beast (D)
  An adder skeleton (D)
  A bat zombie (D)
18 creatures vanquished.

Grand Total: 99 creatures vanquished

Notes
Turn   | Place    | Note
--------------------------------------------------------------
     0 | D        | Radrad the Demonspawn Berserker began the quest for the Orb.
     0 | D        | Reached XP level 1. HP: 18/18 MP: 1/1
     5 | D        | Reached skill level 3 in Long Blades
    12 | D        | Reached ** piety under Trog
    85 | D        | Noticed an iguana
    85 | D        | Noticed a centaur
    85 | D        | Noticed an iguana
    85 | D        | Noticed a howler monkey
    88 | D        | Killed an iguana
    88 | D        | Reached *** piety under Trog
    88 | D        | Reached skill level 5 in Long Blades
    88 | D        | Gained mutation: You sometimes gain a little power by taking damage. [demonic ancestry]
    88 | D        | Reached XP level 2. HP: 25/25 MP: 2/2
    88 | D        | Gained mutation: You have large cloven feet. [demonic ancestry]
    88 | D        | Reached XP level 3. HP: 30/30 MP: 3/3
    95 | D        | Killed a centaur
    95 | D        | Reached skill level 5 in Fighting
    95 | D        | Reached skill level 6 in Long Blades
    95 | D        | Gained mutation: You have hoof-like feet. [demonic ancestry]
    95 | D        | Reached XP level 4. HP: 23/39 MP: 4/4
    98 | D        | Reached **** piety under Trog
    98 | D        | Reached skill level 7 in Long Blades
    98 | D        | Gained mutation: You are surrounded by a mild repulsion field (EV +2). [demonic ancestry]
    98 | D        | Reached XP level 5. HP: 26/46 MP: 5/5
   100 | D        | Reached skill level 8 in Long Blades
   126 | D        | Found a glowing silver altar of Zin.
   126 | D        | Found a glowing golden altar of the Shining One.
   126 | D        | Found an ancient bone altar of Kikubaaqudgha.
   126 | D        | Found a basalt altar of Yredelemnul.
   126 | D        | Found a shimmering altar of Xom.
   126 | D        | Found a radiant altar of Vehumet.
   127 | D        | Found an iron altar of Okawaru.
   128 | D        | Found a burning altar of Makhleb.
   129 | D        | Found a deep blue altar of Sif Muna.
   130 | D        | Found a bloodstained altar of Trog.
   131 | D        | Found a sparkling altar of Nemelex Xobeh.
   132 | D        | Found a white marble altar of Elyvilon.
   133 | D        | Found a roughly hewn altar of Beogh.
   134 | D        | Found a viscous altar of Jiyva.
   135 | D        | Found a corrupted altar of Lugonu.
   136 | D        | Found a blossoming altar of Fedhas.
   137 | D        | Found a snail-covered altar of Cheibriados.
   138 | D        | Found a shadowy altar of Dithmenos.
   139 | D        | Found a stormy altar of Qazlal.
   140 | D        | Found an opulent altar of Gozag.
   141 | D        | Found a sacrificial altar of Ru.
   142 | D        | Found an oddly glowing altar of Pakellas.
   275 | D        | Noticed a hill giant
   275 | D        | Noticed an ogre
   275 | D        | Noticed a sky beast
   280 | D        | Killed a hill giant
   280 | D        | Reached skill level 10 in Long Blades
   280 | D        | Reached skill level 5 in Dodging
   280 | D        | Reached XP level 6. HP: 56/56 MP: 5/9
   280 | D        | Gained mutation: You sometimes gain power by taking damage. [demonic ancestry]
   280 | D        | Reached XP level 7. HP: 62/62 MP: 5/10
   282 | D        | Received a gift from Trog
   288 | D        | Reached skill level 11 in Long Blades
   290 | D        | Reached ***** piety under Trog
   348 | D        | Noticed a shadow
   348 | D        | Noticed a hill giant
   358 | D        | Received a gift from Trog
   358 | D        | Reached skill level 5 in Evocations
   360 | D        | Reached XP level 8. HP: 70/70 MP: 11/11
   371 | D        | Killed a hill giant
   371 | D        | Reached skill level 12 in Long Blades
   388 | D        | Reached skill level 13 in Long Blades
   744 | D        | Noticed a spiny frog
   744 | D        | Noticed a komodo dragon
   750 | D        | Killed a spiny frog
   750 | D        | Reached skill level 10 in Fighting
   750 | D        | Reached skill level 5 in Armour
   750 | D        | Reached XP level 9. HP: 78/78 MP: 12/14
   756 | D        | Noticed an elephant
   765 | D        | Killed a komodo dragon
   765 | D        | Received a gift from Trog
   772 | D        | Reached skill level 14 in Long Blades
   781 | D        | Killed an elephant
  1215 | D        | Noticed a black mamba
  1215 | D        | Noticed an eight-headed hydra
  1219 | D        | Killed a black mamba
  1219 | D        | Reached ****** piety under Trog
  1219 | D        | Received a gift from Trog
  1221 | D        | Noticed a komodo dragon
  1227 | D        | Killed a five-headed hydra
  1227 | D        | Reached skill level 15 in Long Blades
  1227 | D        | Gained mutation: You are surrounded by a moderate repulsion field (EV +3). [demonic ancestry]
  1227 | D        | Reached XP level 10. HP: 87/87 MP: 14/16
  1281 | D        | Got a twisted long sword {god gift}
  1282 | D        | Identified the +5 long sword of Trog's Scorn {venom, rElec MR+} (Trog gifted it to you in the Dungeon)
  1580 | D        | Noticed a catoblepas
  1580 | D        | Noticed a death yak
  1580 | D        | Noticed a death yak
  1580 | D        | Noticed a death yak
  1583 | D        | Noticed a death yak
  1599 | D        | Killed a catoblepas
  1604 | D        | Killed a death yak
  1606 | D        | Killed a death yak
  1606 | D        | Reached skill level 16 in Long Blades
  1607 | D        | Killed a death yak
  1610 | D        | Killed a death yak
  1838 | D        | Noticed Erica
  1848 | D        | Killed Erica
  1848 | D        | Received a gift from Trog
  1848 | D        | Gained mutation: Your flesh is heat resistant. [demonic ancestry]
  1848 | D        | Reached XP level 11. HP: 89/95 MP: 18/18
  1899 | D        | Received a gift from Trog
  1926 | D        | Received a gift from Trog
  1964 | D        | Noticed an orc knight
  1966 | D        | Noticed an orc knight
  1968 | D        | Received a gift from Trog
  1978 | D        | Killed an orc knight
  1978 | D        | Reached skill level 10 in Evocations
  1992 | D        | Killed an orc knight
  2007 | D        | Received a gift from Trog
  2007 | D        | Reached skill level 17 in Long Blades
  2112 | D        | Found Zuylajibeh's Distillery.
  2112 | D        | Noticed an orc sorcerer
  2112 | D        | Noticed an orc sorcerer
  2114 | D        | Noticed an orc sorcerer
  2118 | D        | Killed an orc sorcerer
  2122 | D        | Killed an orc sorcerer
  2125 | D        | Received a gift from Trog
  2134 | D        | Killed an orc sorcerer
  2136 | D        | Received a gift from Trog
  2137 | D        | Noticed an orc sorcerer
  2137 | D        | Found Muvar's Distillery.
  2138 | D        | Noticed a soul eater
  2138 | D        | Noticed a sun demon
  2153 | D        | HP: 2/96 [smoke demon/divine providence[an orc sorcerer] (8)]
  2154 | D        | Killed an orc sorcerer
  2359 | D        | Found Vomoomi's Book Emporium.
  2363 | D        | Found Kemirgh's Gadget Shoppe.
  2365 | D        | Noticed an orc sorcerer
  2366 | D        | Noticed an orc sorcerer
  2368 | D        | Noticed an orc sorcerer
  2381 | D        | Killed an orc sorcerer
  2386 | D        | Killed an orc sorcerer
  2386 | D        | Received a gift from Trog
  2388 | D        | Killed an orc sorcerer
  2432 | D        | Bought a potion of cure mutation for 350 gold pieces
  2432 | D        | Bought a potion of might for 56 gold pieces
  2432 | D        | Bought a potion of heal wounds for 70 gold pieces
  2432 | D        | Bought a potion of curing for 42 gold pieces
  2432 | D        | Bought a potion of might for 56 gold pieces
  2432 | D        | Bought 2 potions of curing for 84 gold pieces
  2432 | D        | Bought 2 potions of invisibility for 224 gold pieces
  2432 | D        | Bought 2 potions of agility for 112 gold pieces
  2432 | D        | Bought 2 potions of curing for 84 gold pieces
  2434 | D        | Bought a potion of agility for 48 gold pieces
  2434 | D        | Bought a potion of might for 48 gold pieces
  2434 | D        | Bought a potion of curing for 36 gold pieces
  2434 | D        | Bought a potion of might for 48 gold pieces
  2976 | D        | Noticed a tengu warrior
  2976 | D        | Noticed a five-headed hydra
  2993 | D        | Killed a tengu warrior
  2993 | D        | Received a gift from Trog
  2993 | D        | Reached skill level 18 in Long Blades
  3009 | D        | Killed a one-headed hydra
  3263 | D        | Noticed a fire dragon
  3264 | D        | Noticed a spark wasp
  3265 | D        | Noticed a yaktaur captain
  3265 | D        | Noticed a stone giant
  3268 | D        | Noticed an entropy weaver
  3277 | D        | Noticed a necromancer
  3277 | D        | Killed a fire dragon
  3281 | D        | Noticed a vampire mage
  3285 | D        | Killed a spark wasp
  3285 | D        | Received a gift from Trog
  3285 | D        | Reached XP level 12. HP: 81/105 MP: 20/20
  3291 | D        | Killed a yaktaur captain
  3304 | D        | Killed a stone giant
  3304 | D        | Reached skill level 19 in Long Blades
  3304 | D        | Reached skill level 10 in Armour
  3306 | D        | HP: 2/105 [entropy weaver (8)]
  3306 | D        | Slain by an entropy weaver

Vault maps used:
D:        linesprint

Skill      XL: |  1  2  3  4  5  6  7  8  9 10 11 12 |
---------------+-------------------------------------+-----
Long Blades    | 5 6 7 10 11 13 15 16 18 19 | 19.0
Dodging        | 2 3 5 6 7 8 |  8.9
Fighting       | 4 5 8 10 11 12 13 | 13.5
Armour         | 2 3 4 5 6 8 9 10 | 10.0
Evocations     | 4 5 6 8 9 11 | 11.8

Action                   |  1- 3 |  4- 6 |  7- 9 | 10-12 || total
-------------------------+-------+-------+-------+-------++-------
Melee: Falchion          |    31 |     5 |       |       ||    36
       Kick              |       |     1 |       |       ||     1
       Scimitar          |       |     4 |    98 |    67 ||   169
       Long sword        |       |       |       |   141 ||   141
       Triple sword      |       |       |       |    24 ||    24
Invok: Berserk           |     1 |     1 |     3 |     7 ||    12
       Brothers in Arms  |       |       |       |     5 ||     5
       Trog's Hand       |       |       |       |     1 ||     1
  Eat: Chunk             |       |       |     5 |     2 ||     7
       Meat ration       |       |       |       |     1 ||     1
       Bread ration      |       |       |       |     2 ||     2
Armor: Animal skin       |     4 |       |       |       ||     4
       Chain mail        |       |       |    26 |    40 ||    66
       Ice dragon armour |       |       |       |    32 ||    32
Dodge: Dodged            |    20 |     1 |    39 |   129 ||   189
